 Dungeon Crawl Stone Soup version 0.23.0-3-gf3c87f2 (webtiles) character file.

Game seed: 7288541667077249941

159 tatocazan the Gusty (level 5, -2/28 HPs)
             Began as a Deep Elf Air Elementalist on Feb 21, 2019.
             Slain by a leopard gecko (3 damage)
             ... on level 3 of the Dungeon.
             The game lasted 00:09:03 (4231 turns).

tatocazan the Gusty (Deep Elf Air Elementalist)     Turns: 4231, Time: 00:09:03

Health: -2/28      AC:  4    Str:  5    XL:     5   Next: 17%
Magic:  1/12       EV: 14    Int: 21    God:
Gold:   94         SH:  0    Dex: 19    Spells: 1/11 levels left

rFire    . . .     SeeInvis .   (no weapon)
rCold    . . .     Gourm    .   (no shield)
rNeg     . . .     Faith    .   a - +0 robe
rPois    .         Spirit   .   l - +0 helmet
rElec    .         Reflect  .   (no cloak)
rCorr    .         Harm     .   s - +0 pair of gloves
MR       .....                  (no boots)
Stlth    +++.......             (no amulet)
HPRegen  0.09/turn              e - +4 ring of dexterity
MPRegen  0.13/turn              u - ring of wizardry

@: no status effects
A: no striking features
a: no special abilities


You were on level 3 of the Dungeon.
You were hungry.

You visited 1 branch of the dungeon, and saw 3 of its levels.

You collected 94 gold pieces.

Inventory:

Armour
 a - a +0 robe (worn)
 l - a +0 helmet (worn)
 r - a +0 buckler
 s - a +0 pair of gloves (worn)
Jewellery
 e - a +4 ring of dexterity (left hand)
 q - an uncursed ring of resist corrosion
 u - a ring of wizardry (right hand)
Scrolls
 d - a scroll of fog {unknown}
 h - 2 scrolls of blinking {unknown}
 i - 2 scrolls of remove curse {unknown}
 j - a scroll of identify {unknown}
 k - a scroll of magic mapping {unknown}
 o - 2 scrolls of enchant weapon {unknown}
 p - a scroll of teleportation {unknown}
Potions
 b - 3 potions of lignification {unknown}
 f - a potion of curing {unknown}
 g - 3 potions of might {unknown}
 m - a potion of magic {unknown}
 n - a potion of heal wounds {unknown}
 t - 2 potions of brilliance {unknown}
Comestibles
 c - 5 rations


   Skills:
 + Level 3.4 Dodging
 + Level 3.6 Stealth
 + Level 0.1 Shields
 + Level 3.9 Spellcasting
 + Level 2.3 Conjurations
 * Level 4.2 Air Magic


You had one spell level left.
You knew the following spells:

 Your Spells              Type           Power        Failure   Level  Hunger
a - Shock                 Conj/Air       ###.         1%          1    None
b - Swiftness             Chrm/Air       ##......     3%          2    #......
c - Static Discharge      Conj/Air       ###.....     4%          3    ###....
d - Airstrike             Air            ###.......   9%          4    ####...

Your spell library contained the following spells:

 Spells                   Type           Power        Failure   Level  Hunger
 Lightning Bolt           Conj/Air       ###.......   32%         5    ######.


Dungeon Overview and Level Annotations

Branches:
Dungeon (3/15)

Altars:

Annotations:
D:3 Grinder


Message History

Confirm with . or Enter, or press ? or * to list all spells.
Aiming: Shock (safe; 1% risk of failure)
Press: ? - help, Shift-Dir - straight line, f/p - Grinder
Aim: Grinder (severely wounded)
The zap misses Grinder.
You now have 0/12 mp.
Found a stone staircase leading up.
Grinder gestures at you. You resist with significant effort.
A rat comes into view.
A leopard gecko comes into view.
The rat closely misses you.
The leopard gecko hisses angrily.
You hit the leopard gecko but do no damage.
The leopard gecko closely misses you. Grinder gestures at you.
Pain shoots through your body!
* * * LOW HITPOINT WARNING * * *
The rat barely misses you. The leopard gecko bites you.
You die...

##### #....#
.....#
####....
...<. #####
#lr# ....
##@# .#
###..# .#
###...## .#
#.5.### .#
#.### .#
###.# .######
#...#
..<>..###.###
#####..##.#


You could see Grinder, a leopard gecko and a rat.

Vanquished Creatures
  Terence (D:2)
  6 adders
  3 worms
  3 dart slugs
  2 leopard geckos (D:1)
  An orc (D:3)
  11 bats
  2 giant cockroaches (D:2)
  7 goblins
  9 hobgoblins
  A jackal (D:2)
  5 frilled lizards
  11 kobolds
  6 rats
68 creatures vanquished.

Notes
Turn   | Place    | Note
-------+----------+-------------------------------------------
     0 | D:1      | tatocazan the Deep Elf Air Elementalist began the quest for
                  | the Orb.
     0 | D:1      | Reached XP level 1. HP: 10/10 MP: 6/6
   138 | D:1      | Reached XP level 2. HP: 15/15 MP: 2/8
   755 | D:1      | Reached XP level 3. HP: 15/19 MP: 4/9
   820 | D:1      | Learned a level 2 spell: Swiftness
   824 | D:1      | Learned a level 3 spell: Static Discharge
  1736 | D:2      | Noticed Terence
  2253 | D:2      | Reached XP level 4. HP: 16/24 MP: 0/11
  2448 | D:2      | Killed Terence
  2635 | D:2      | Reached skill level 4 in Air Magic
  3602 | D:3      | Noticed Grinder
  3673 | D:3      | Reached XP level 5. HP: 28/28 MP: 9/12
  3898 | D:3      | Learned a level 4 spell: Airstrike
  4212 | D:3      | Paralysed by Grinder for 4 turns
  4231 | D:3      | HP: 1/28 [Grinder/nerve-wracking pain (13)]
  4231 | D:3      | Slain by a leopard gecko

Skill      XL: |  1  2  3  4 |
---------------+-------------+-----
Stealth        | 3 |  3.6
Dodging        | 3 |  3.4
Conjurations   | 2 |  2.3
Air Magic      | 4 |  4.2
Shields        | |  0.1
Spellcasting   | |  3.9

Action                   |  1- 3 |  4- 6 || total
-------------------------+-------+-------++-------
Melee: Unarmed           |    20 |     9 ||    29
 Cast: Shock             |    89 |    62 ||   151
       Static Discharge  |     9 |     5 ||    14
       Airstrike         |       |     3 ||     3
  Eat: Chunk             |     4 |     7 ||    11
Armor: Robe              |     8 |     3 ||    11
Dodge: Dodged            |    27 |    16 ||    43
